Map: Ruines de Seras

Players

Avatron - Winner!

  • Race: Zerg Zerg
  • League: Diamond

Worming

  • Race: Zerg Zerg
  • League: Diamond

VOD

Have the link to the VOD?

Description

Time

  • Played on: Dec. 12, 2015, 9:40 a.m.
  • Length: 3:33
Show
View Real Time Build Order
Export as new Build Order

Avatron Zerg - Winner!

Build Orders: Pool First 

Get SALT Encoding   

  12  0:01  Drone  
  13  0:10  Drone  
  14  0:20  Drone, Extractor  
  14  0:33  Spawning Pool  
  13  0:37  Drone  
  14  0:47  Overlord  
  14  0:52  Extractor  
  14  0:53  Drone  
  15  1:09  Drone  
  16  1:21  Zergling x6  
  16  1:22  Metabolic Boost  
  19  1:33  Queen  
  19  1:37  Zergling x2  
  22  1:51  Baneling Nest  
  22  1:52  Zergling x2  
  22  2:01  Overlord  
  22  2:21  Zergling x4  
  24  2:35  Hatchery  
  24  2:36  Zergling x2  
  24  2:54  Baneling x2  
  24  2:56  Zergling x6  
  24  2:58  Baneling x2  
Show
View Real Time Build Order
Export as new Build Order

Worming Zerg 

Build Orders: Hatch First 

Get SALT Encoding   

  12  0:01  Drone  
  13  0:13  Overlord  
  13  0:20  Drone  
  14  0:31  Drone x2  
  17  0:35  Drone  
  17  0:56  Hatchery  
  16  0:58  Drone  
  16  1:01  Extractor  
  16  1:08  Drone  
  17  1:20  Spawning Pool  
  17  1:21  Drone  
  17  1:28  Drone x2  
  19  1:40  Drone  
  20  1:51  Overlord  
  20  2:06  Metabolic Boost  
  20  2:07  Queen  
  22  2:10  Queen  
  22  2:13  Zergling x2  
  25  2:16  Zergling x2  
  26  2:27  Drone x3  
  29  2:35  Baneling Nest  
  28  2:37  Drone  
  28  2:41  Drone x2  
  31  2:48  Overlord  
  31  2:54  Zergling x4  
  33  3:01  Spine Crawler  
  33  3:05  Zergling x4  
Tags
 
Add a new tag
Caveats
  • Supply blocks, unpowered buildings, or Contaminate may cause inaccurate times.
  • Supply counts are checked every 10 seconds.